 Dungeon Crawl Stone Soup version 0.28.0-1-gb440e238dd (webtiles) character file.

Game seed: 2393022950040969081

96 bande the Covered (level 4, -8/29 HPs)
             Began as a Gargoyle Fighter on Feb 21, 2022.
             Mangled by Crazy Yiuf (10 damage)
             ... on level 3 of the Dungeon.
             The game lasted 00:03:48 (2948 turns).

bande the Covered (Gargoyle Fighter)                Turns: 2948, Time: 00:03:49

Health: -8/29      AC: 10    Str: 20    XL:     4   Next: 67%
Magic:  4/4        EV:  9    Int:  8    God:
Gold:   128        SH:  5    Dex: 11    Spells: 3/3 levels left

rFire   . . .      SeeInvis .   a - +0 war axe
rCold   . . .      Faith    .   c - +1 buckler
rNeg    + . .      Spirit   .   b - +0 scale mail
rPois   ∞          Reflect  .   (no helmet)
rElec   +          Harm     .   (no cloak)
rCorr   .          Rampage  .   (no gloves)
Will    .....                   (no boots)
Stlth   ..........              (no amulet)
HPRegen 0.09/turn               (no ring)
MPRegen 0.09/turn               (no ring)

@: no status effects
A: sickness immunity, AC +3, negative energy resistance 1, electricity
resistance, torment resistance 1, petrification resistance
a: no special abilities


You were on level 3 of the Dungeon.
You visited 1 branch of the dungeon, and saw 3 of its levels.

You collected 128 gold pieces.

Inventory:

Hand Weapons
 a - a +0 war axe (weapon)
Armour
 b - a +0 scale mail (worn)
 c - a +1 buckler (worn)
Wands
 i - a wand of digging (6)
Scrolls
 f - 3 scrolls of silence
Potions
 d - a potion of might
 e - a potion of curing {unknown}
 g - 3 potions of lignification {unknown}
 h - a potion of degeneration {unknown}
 j - 2 potions of mutation {unknown}


   Skills:
 + Level 3.9 Fighting
 + Level 3.0 Axes
 + Level 4.0 Armour
 + Level 3.7 Shields


You had 3 spell levels left.
You didn't know any spells.
Your spell library contained the following spells:

 Spells                   Type           Power      Damage    Failure   Level
 Blink                    Tloc           0%         N/A       94%         2
 Manifold Assault         Tloc           0%         N/A       100%        5
 Storm Form               Tmut/Air       0%         N/A       100%        7


Dungeon Overview and Level Annotations

Branches:
Dungeon (3/15)

Altars:
Kikubaaqudgha

Shops:
D:1 (   D:3 ([[

Annotations:
D:3 Crazy Yiuf


Innate Abilities, Weirdness & Mutations

You are immune to sickness and miasma.
Your stone body is resilient. (AC +3)
You are immune to poison.
You resist negative energy. (rN+)
You are resistant to electric shocks. (rElec)
You are resistant to unholy torment.
You are immune to petrification.


Message History

There is an entrance to Monkusim's Antique Armour Boutique here.
You can access your shopping list by pressing '$'.
You see here a ball python corpse.
j - 2 inky potions
Things that are here:
a +0 club; a stone
There is an entrance to Ranoh's Weapon Shoppe here.
You see here 25 sling bullets.
You see here a +0 mace of distortion.
You see here a +0 mace.
You see here a +0 mace.
You see here a +0 mace.
Crazy Yiuf shouts!
You see here a +0 mace.
You open the door. You closely miss Crazy Yiuf.
Crazy Yiuf hits you with a +4 quarterstaff of chaos.
You barely miss Crazy Yiuf.
Crazy Yiuf hits you with a +4 quarterstaff of chaos!
Crazy Yiuf whimpers, "Cholesterol!"
Crazy Yiuf hits you with a +4 quarterstaff of chaos!
* * * LOW HITPOINT WARNING * * *
Crazy Yiuf freezes you.
* * * LOW HITPOINT WARNING * * *
You hit Crazy Yiuf.
Crazy Yiuf is lightly wounded.
Crazy Yiuf twirls on the spot.
Crazy Yiuf hits you with a +4 quarterstaff of chaos.
* * * LOW HITPOINT WARNING * * *
You are confused.
You bump into the rock wall.
You feel less confused. You block Crazy Yiuf's attack.
You closely miss Crazy Yiuf.
Crazy Yiuf is lightly wounded.
Crazy Yiuf closely misses you.
You hit Crazy Yiuf.
Crazy Yiuf is lightly wounded.
Crazy Yiuf hits you with a +4 quarterstaff of chaos!
You die...

.# #.#.## ##...##
## #.#..### #####
.# #.##...# .#
###..##### .#
#...># .#
##.######### .#
#..#.#.)#)### ###
.#
##......)#))##)))#
.#
#....#.####@g)).#
## ##..#.##
###)))# ###### ###


You could see Crazy Yiuf.

Vanquished Creatures
  4 adders
  2 dart slugs (D:3)
  5 ball pythons
  9 endoplasms
  7 goblins
  3 hobgoblins
  3 jackals (D:3)
  9 bats
  4 frilled lizards
  6 kobolds
  4 rats
56 creatures vanquished.

Notes
Turn   | Place    | Note
-------+----------+-------------------------------------------
     0 | D:1      | bande the Gargoyle Fighter began the quest for the Orb.
     0 | D:1      | Reached XP level 1. HP: 14/14 MP: 1/1
   173 | D:1      | Found a faded altar of an unknown god.
   223 | D:1      | Found Foadd's Antique Weapon Shop.
   357 | D:1      | Reached XP level 2. HP: 19/19 MP: 2/2
  1491 | D:2      | Reached XP level 3. HP: 16/24 MP: 3/3
  1677 | D:2      | Found an ancient bone altar of Kikubaaqudgha.
  1805 | D:2      | Reached skill level 4 in Armour
  2056 | D:3      | Reached XP level 4. HP: 26/29 MP: 4/4
  2301 | D:3      | Found Cosiupn's Antique Armour Shoppe.
  2328 | D:3      | Found Ranoh's Weapon Shoppe.
  2639 | D:3      | Found a runed translucent door.
  2640 | D:3      | Noticed Crazy Yiuf
  2726 | D:3      | Found Monkusim's Antique Armour Boutique.
  2945 | D:3      | HP: 1/29 [Crazy Yiuf (4)]
  2948 | D:3      | Mangled by Crazy Yiuf

Illustrated notes

Levels and vault maps discovered:
D:1:      amcnicky_arrival_flooded_fountain, layout_basic,
          basic_ecumenical_altar, serial_shops, nicolae_shop_advertising_works
          [nicolae_subvault_shop_adworks]
D:2:      layout_basic, basic_altar, minmay_tromino_mix6
D:3:      layout_rooms, serial_shops, nicolae_diamond_shop, nicolae_shop_trees,
          shop_fountains, uniq_crazy_yiuf_cottage

Skill      XL: |  1  2  3  4 |
---------------+-------------+-----
Axes           | 2 3 |  3.0
Armour         | 4 |  4.0
Fighting       | |  3.9
Shields        | |  3.7

Action                   |  1- 3 |  4- 6 || total
-------------------------+-------+-------++-------
Melee: War axe           |    94 |    66 ||   160
  Use: Scroll            |     3 |       ||     3
Armor: Scale mail        |    57 |    34 ||    91
Dodge: Dodged            |    41 |    39 ||    80
Block: Buckler           |    34 |    19 ||    53
